[Event "ICC tourney 2668 (40 10)"]
[Site "Internet Chess Club"]
[Date "2021.09.11"]
[Round "1"]
[White "wang, William Kaiyuan:williamw601"]
[Black "Mason, Mike W:MikeWMason"]
[Result "0-1"]
[ICCResult "White checkmated"]
[WhiteElo "1297"]
[BlackElo "1598"]
[Opening "Sicilian defense"]
[ECO "B30"]
[NIC "SI.31"]
[Time "11:02:36"]
[TimeControl "2400+10"]

1. e4 c5 2. Nf3 Nc6 3. b3 e5 4. Bb2 d6 5. Bc4 Be7 6. d3 Nf6 7. h3 O-O 8. O-O
Bd7 9. Nh2 Na5 10. Qe2 Rb8 11. f4 Nxc4 12. dxc4 b5 13. fxe5 dxe5 14. Bxe5
bxc4 15. Bxb8 Qxb8 16. Qf3 Qe5 17. Nd2 Bd6 18. Ng4 Nxg4 19. hxg4 Qh2+ 20.
Kf2 Qh4+ 21. g3 Qh2+ 22. Ke3 Be5 23. Rad1 Bd4+ 24. Kf4 Qh6+ 25. g5 Qd6+ 26.
e5 Qxe5# {White checkmated} 0-1

[Event "ICC tourney 2668 (40 10)"]
[Site "Internet Chess Club"]
[Date "2021.09.11"]
[Round "1"]
[White "GUAN , TSZ YEUNG:DanielGuan"]
[Black "LATTIMORE, PETER J:AquaVir"]
[Result "1-0"]
[ICCResult "Black checkmated"]
[WhiteElo "1365"]
[BlackElo "1608"]
[Opening "QGD Slav defense: exchange variation"]
[ECO "D10"]
[NIC "SL.01"]
[Time "11:02:57"]
[TimeControl "2400+10"]

1. d4 d5 2. c4 c6 3. cxd5 cxd5 4. Nc3 Nc6 5. Bf4 Nf6 6. e3 e6 7. Bd3 Be7 8.
Nf3 O-O 9. O-O Bd7 10. a3 Rc8 11. Ne5 Be8 12. Qf3 h6 13. Be2 Nxe5 14. Bxe5
Nh7 15. Bd3 Bf6 16. Bxh7+ Kxh7 17. Bxf6 Qxf6 18. Qxf6 gxf6 19. Rac1 Bc6 20.
f3 e5 21. Rfd1 e4 22. fxe4 dxe4 23. d5 Bd7 24. Nxe4 Kg6 25. Nd6 Rb8 26. Rc7
Ba4 27. Rd4 Bb3 28. Rxb7 Rxb7 29. Nxb7 Rc8 30. d6 Rc1+ 31. Kf2 Rc2+ 32. Kg3
Be6 33. d7 Bxd7 34. Rxd7 Rxb2 35. Nc5 Rc2 36. Nd3 Rc3 37. Nf4+ Kf5 38. Kf3
Rxa3 39. Rd5# {Black checkmated} 1-0

[Event "ICC tourney 2668 (40 10)"]
[Site "Internet Chess Club"]
[Date "2021.09.11"]
[Round "1"]
[White "TANG, VINCENT:VincentT2008"]
[Black "WU, WINSTON:K01-30022609"]
[Result "1/2-1/2"]
[ICCResult "Game drawn by mutual agreement"]
[WhiteElo "1599"]
[BlackElo "1336"]
[Opening "QGD: Charousek (Petrosian) variation"]
[ECO "D31"]
[NIC "QP.08"]
[Time "11:11:34"]
[TimeControl "2400+10"]

1. d4 d5 2. c4 e6 3. Nc3 Be7 4. cxd5 exd5 5. Nf3 Nf6 6. Bg5 h6 7. Bh4 Bf5 8.
e3 O-O 9. Qb3 Bc8 10. Bxf6 Bxf6 11. Qxd5 Qe7 12. Bd3 Nc6 13. O-O Bg4 14. Qe4
Qxe4 15. Nxe4 Be7 16. Nfd2 Bh5 17. Nc5 Bxc5 18. dxc5 Rfd8 19. Be4 Rxd2 20.
Rab1 Bg6 21. Bxg6 fxg6 22. a4 Nb4 23. b3 Rad8 24. g3 R8d3 25. Rfc1 Rc2 26.
Rxc2 Nxc2 27. b4 Ra3 28. Rb2 Na1 29. a5 {Game drawn by mutual agreement}
1/2-1/2

[Event "ICC tourney 2668 (40 10)"]
[Site "Internet Chess Club"]
[Date "2021.09.11"]
[Round "1"]
[White "Kousen, Kenneth A:kenkousen"]
[Black "Doan Giang, Nguyen Doan:Doctorstrange04"]
[Result "0-1"]
[ICCResult "White resigns"]
[WhiteElo "1566"]
[BlackElo "1750"]
[Opening "Benkö gambit: Zaitsev system"]
[ECO "A57"]
[NIC "BI.44"]
[Time "11:02:03"]
[TimeControl "2400+10"]

1. d4 Nf6 2. c4 c5 3. d5 b5 4. cxb5 a6 5. Nc3 d6 6. e4 g6 7. h3 Bg7 8. Nf3
O-O 9. Qc2 axb5 10. Bxb5 Ba6 11. Bxa6 Nxa6 12. a3 Qb6 13. O-O Rfb8 14. Rb1
Nc7 15. Nd2 Nd7 16. Nc4 Qa6 17. b3 Ne5 18. Nxe5 Bxe5 19. Bb2 Qb7 20. b4 cxb4
21. axb4 Qxb4 22. Ba1 Qc4 23. Rxb8+ Rxb8 24. Rc1 Na6 25. Qe2 Rc8 26. Qxc4
Rxc4 27. f3 Nc5 28. Bb2 Nd3 29. Rb1 Nxb2 30. Rxb2 Rxc3 31. Rb1 Rc2 32. Kf1
f5 33. Re1 Kf7 34. Rb1 Bd4 35. Rd1 Bc5 36. exf5 gxf5 37. g4 Rf2+ {White
resigns} 0-1

[Event "ICC tourney 2668 (40 10)"]
[Site "Internet Chess Club"]
[Date "2021.09.11"]
[Round "1"]
[White "ZILBERMINTZ, LEV:chessrex"]
[Black "SKARIAH, ANUSHKA ELIZABETH:kskariah"]
[Result "1-0"]
[ICCResult "Black checkmated"]
[WhiteElo "1723"]
[BlackElo "1531"]
[Opening "Caro-Kann defense"]
[ECO "B15"]
[NIC "CK.05"]
[Time "11:02:04"]
[TimeControl "2400+10"]

1. d4 d5 2. e4 c6 3. Nc3 dxe4 4. Bc4 Nf6 5. f3 exf3 6. Nxf3 Bf5 7. O-O e6 8.
Ng5 Bd6 9. Rxf5 exf5 10. Nxf7 Qc7 11. Qe2+ Qe7 12. Qxe7+ Kxe7 13. Nxh8 a5
14. Nf7 Bxh2+ 15. Kxh2 Ng4+ 16. Kg1 b5 17. Bg5+ Kf8 18. Be6 g6 19. Ne5 Nxe5
20. dxe5 Ra7 21. Rd1 Re7 22. Rd8+ Re8 23. Rxe8+ Kxe8 24. Bg8 h5 25. e6 Na6
26. Bf7+ Kf8 27. Bxg6 Nc7 28. e7+ Kg7 29. Bxh5 b4 30. Ne2 c5 31. Nf4 c4 32.
Nd5 Nxd5 33. e8=Q Nf6 34. Qf7+ Kh8 35. Bxf6# {Black checkmated} 1-0

[Event "ICC tourney 2668 (40 10)"]
[Site "Internet Chess Club"]
[Date "2021.09.11"]
[Round "1"]
[White "TREUSDELL, ROSS G:IveDoneEnough"]
[Black "MOSS, MARVIN:mmoss2932"]
[Result "1-0"]
[ICCResult "Black forfeits on time"]
[WhiteElo "1730"]
[BlackElo "1553"]
[Opening "French: Tarrasch, closed variation"]
[ECO "C05"]
[NIC "FR.17"]
[Time "11:28:46"]
[TimeControl "2400+10"]

1. e4 e6 2. d4 d5 3. Nd2 Nf6 4. e5 Nfd7 5. Bd3 c5 6. c3 Nc6 7. Ne2 Qb6 8.
Nf3 f6 9. exf6 Nxf6 10. O-O Bd6 11. Re1 O-O 12. Rb1 e5 13. dxe5 Nxe5 14.
Nxe5 Bxe5 15. Bf4 Bxf4 16. Nxf4 Bg4 17. Qc2 Qd6 18. Ne2 c4 19. Bf5 Bxf5 20.
Qxf5 Ne4 21. Qh5 Rxf2 22. Nd4 Raf8 23. Nf3 Qc5 24. Kh1 Rc2 25. Rxe4 Qf2 26.
Qxd5+ Kh8 27. Rg4 Rxb2 28. Rd1 Rxa2 29. Qxb7 g6 30. h3 Rb2 31. Qe7 Kg8 32.
Rd7 Qf1+ 33. Kh2 {Black forfeits on time} 1-0

[Event "ICC tourney 2668 (40 10)"]
[Site "Internet Chess Club"]
[Date "2021.09.11"]
[Round "1"]
[White "GOLI, SRIMAN:awakeflood"]
[Black "BASKARRAJ, SAMUEL G:SamLightning"]
[Result "0-1"]
[ICCResult "White resigns"]
[WhiteElo "1757"]
[BlackElo "1578"]
[Opening "Sicilian: Hungarian variation"]
[ECO "B34"]
[NIC "SI.43"]
[Time "11:02:08"]
[TimeControl "2400+10"]

1. e4 c5 2. Nf3 g6 3. d4 cxd4 4. Nxd4 Bg7 5. Nc3 Nc6 6. Be3 Nf6 7. f3 Qa5 8.
Qd2 O-O 9. O-O-O d6 10. h4 h5 11. g4 hxg4 12. h5 Nxh5 13. fxg4 Bxg4 14. Be2
Bxe2 15. Ndxe2 Rac8 16. Bh6 Nb4 17. a3 Bxc3 18. Nxc3 Rxc3 19. Rxh5 Na2+ 20.
Kb1 Qxh5 21. Bxf8 Kxf8 22. Kxa2 Rh3 23. Rf1 Qe5 24. Qf2 f6 25. Re1 b6 26.
Re2 g5 27. Qg2 Rh4 28. b3 g4 29. Rf2 g3 30. Rf5 Qxe4 31. Qxg3 Qxc2+
{White resigns}
0-1

[Event "ICC tourney 2668 (40 10)"]
[Site "Internet Chess Club"]
[Date "2021.09.11"]
[Round "1"]
[White "CAO, RAY:rcww2020"]
[Black "KRISHNAN, ASHVATH:ashvathk5"]
[Result "1/2-1/2"]
[ICCResult "Game drawn by mutual agreement"]
[WhiteElo "1634"]
[BlackElo "1366"]
[Opening "Giuoco Pianissimo: Italian four knights variation"]
[ECO "C28"]
[NIC "VG.02"]
[Time "11:02:04"]
[TimeControl "2400+10"]

1. e4 e5 2. Bc4 Nf6 3. Nc3 Nc6 4. d3 Bc5 5. Nf3 O-O 6. Bg5 h6 7. Bh4 Be7 8.
Bxf6 Bxf6 9. Nd5 d6 10. a3 Bg4 11. h3 Bh5 12. g4 Bg6 13. Qd2 a6 14. h4 h5
15. g5 Be7 16. O-O-O b5 17. Ba2 a5 18. Nh2 b4 19. a4 Rb8 20. f4 exf4 21.
Nxf4 Kh7 22. Nf3 Ne5 23. Nxe5 dxe5 24. Nd5 Bc5 25. Bb3 c6 26. Ne3 Bxe3 27.
Qxe3 Qd4 28. Qxd4 exd4 29. Rdf1 c5 30. Bc4 Rb6 31. Rf4 Kg8 32. Rhf1 Rb7 33.
b3 Re7 34. Kd2 Ra8 35. Bd5 Raa7 36. R1f2 Kf8 37. Re2 Rad7 38. Bc4 Rc7 39. e5
Ke8 40. Bb5+ Kd8 41. Bc4 Rc6 42. Ke1 Rb6 43. Kf2 Rc6 44. Ke1 Rb6 45. Kd2 Rc6
46. Ref2 Rcc7 47. Re2 Rc6 48. Bd5 Ra6 49. Ref2 Raa7 50. Be4 Bxe4 51. Rxe4
Ra6 52. Rfe2 Rc6 53. Ke1 Rce6 54. Kf2 Kc7 55. Kg3 Kc6 56. Kf4 Kd5 57. Re1
Kc6 58. Kf5 g6+ 59. Kf4 Kd5 60. R1e2 Kc6 {Game drawn by mutual agreement}
1/2-1/2

[Event "ICC tourney 2668 (40 10)"]
[Site "Internet Chess Club"]
[Date "2021.09.11"]
[Round "1"]
[White "BARANI, HRUSHIKESAN:Hrushichess"]
[Black "Harmon, James E:pawnninja"]
[Result "1-0"]
[ICCResult "Black checkmated"]
[WhiteElo "1388"]
[BlackElo "1637"]
[Opening "Scotch gambit"]
[ECO "C44"]
[NIC "SO.06"]
[Time "11:02:03"]
[TimeControl "2400+10"]

1. e4 e5 2. Nf3 Nc6 3. d4 exd4 4. Bc4 Bb4+ 5. c3 dxc3 6. O-O Be7 7. Nxc3 Nf6
8. e5 Ng4 9. Bf4 O-O 10. h3 Nh6 11. Bxh6 gxh6 12. Nd5 Bg5 13. Qd3 Kh8 14.
Nxg5 Qxg5 15. f4 Qg7 16. Nf6 d6 17. Rf3 dxe5 18. Nh5 Qg6 19. Ng3 Qxd3 20.
Rxd3 exf4 21. Nh5 Ne5 22. Rd4 Nxc4 23. Rxc4 f3 24. gxf3 c6 25. Kf2 Be6 26.
Rh4 Rad8 27. Nf6 Kg7 28. Rf4 Rd2+ 29. Kg3 Rfd8 30. Rg1 Kf8 31. Kh4 Ke7 32.
b3 R2d4 33. Ne4 Bd5 34. Rg7 Rf8 35. Rxh7 Bxe4 36. fxe4 Rd6 37. e5 Re6 38.
Rf5 b5 39. Kg4 a5 40. Kf4 a4 41. bxa4 bxa4 42. Ke4 a3 43. Kd4 Ke8 44. Kc5
Ke7 45. Kb4 Rb8+ 46. Kxa3 c5 47. Rfxf7+ Ke8 48. Ra7 Rxe5 49. Rh8#
{Black checkmated}
1-0

[Event "ICC tourney 2668 (40 10)"]
[Site "Internet Chess Club"]
[Date "2021.09.11"]
[Round "1"]
[White "WANG, KEVIN:Deepbrainfinal"]
[Black "Montanari, Laura:oceana88"]
[Result "1-0"]
[ICCResult "Black checkmated"]
[WhiteElo "1490"]
[BlackElo "1650"]
[Opening "Giuoco Pianissimo"]
[ECO "C50"]
[NIC "IG.02"]
[Time "11:02:07"]
[TimeControl "2400+10"]

1. e4 e5 2. Nf3 Nc6 3. Bc4 Bc5 4. d3 d6 5. h3 Nf6 6. Nc3 Bd7 7. Bg5 h6 8.
Bh4 g5 9. Bg3 Nh5 10. Nxe5 Nxg3 11. Nxc6 Qf6 12. d4 Nxh1 13. Qf3 Qxf3 14.
gxf3 Bb6 15. Nb4 Bxd4 16. Nd3 Bxh3 17. Ke2 Nxf2 18. Nxf2 Be6 19. Bxe6 fxe6
20. a4 Rf8 21. Nfd1 O-O-O 22. Nb5 Bc5 23. Ne3 Rf7 24. Rf1 Rdf8 25. Nc3 Bxe3
26. Kxe3 g4 27. f4 d5 28. Ne2 dxe4 29. Kxe4 e5 30. f5 Kd7 31. Ng3 Re8 32.
Rh1 Rh7 33. Rh4 Rhh8 34. Rxg4 Rhg8 35. Rxg8 Rxg8 36. Nh5 Kd6 37. c4 Rg4+ 38.
Kf3 Rg5 39. Ng3 e4+ 40. Nxe4+ Ke5 41. Nxg5 hxg5 42. Kg4 Kf6 43. b4 c6 44. c5
b6 45. cxb6 axb6 46. a5 bxa5 47. bxa5 c5 48. a6 c4 49. a7 c3 50. a8=Q c2 51.
Qa1+ Kf7 52. Kxg5 Kf8 53. Kf6 Kg8 54. Qg1+ Kh7 55. Qg7# {Black checkmated}
1-0

[Event "ICC tourney 2668 (40 10)"]
[Site "Internet Chess Club"]
[Date "2021.09.11"]
[Round "1"]
[White "MAZUMDAR, SHAURYA:raremystery"]
[Black "RAJANISH, ABHINAV:Knightboy123"]
[Result "1-0"]
[ICCResult "Black resigns"]
[WhiteElo "1658"]
[BlackElo "1495"]
[Opening "Sicilian: Najdorf"]
[ECO "B90"]
[NIC "SI.14"]
[Time "11:02:05"]
[TimeControl "2400+10"]

1. e4 c5 2. Nf3 d6 3. d4 cxd4 4. Nxd4 Nf6 5. Nc3 a6 6. f3 e5 7. Nb3 Be6 8.
Be3 Be7 9. Qd2 Nbd7 10. O-O-O O-O 11. g4 b5 12. Rg1 b4 13. Nd5 Bxd5 14. exd5
Nb6 15. Bxb6 Qxb6 16. Bd3 Rfc8 17. Rde1 a5 18. Kb1 a4 19. Nc1 Qc5 20. Bf5
Rc7 21. Nd3 Qb6 22. Nxb4 Rb8 23. a3 Rc5 24. Be4 Ne8 25. Rg2 Nc7 26. c3 Na6
27. Bxh7+ Kh8 28. Bc2 Nxb4 29. cxb4 Rc7 30. Qd3 g6 31. Qd2 Rbc8 32. Qh6+ Kg8
33. h4 Bf8 34. Qc1 Qd4 35. h5 Qxd5 36. hxg6 fxg6 37. Rh1 Qxf3 38. Rgh2 e4
39. Rh8+ Kf7 40. R1h7+ Ke8 41. Bxa4+ Kd8 42. Qg5+ {Black resigns} 1-0

[Event "ICC tourney 2668 (40 10)"]
[Site "Internet Chess Club"]
[Date "2021.09.11"]
[Round "1"]
[White "SULTAN, BASHIR Cisse:muzikmixer"]
[Black "CAREY, MICHAEL P:xyzchessdude"]
[Result "0-1"]
[ICCResult "White resigns"]
[WhiteElo "1581"]
[BlackElo "1815"]
[Opening "English: symmetrical variation"]
[ECO "A30"]
[NIC "EO.35"]
[Time "11:02:07"]
[TimeControl "2400+10"]

1. c4 c5 2. Nf3 g6 3. Nc3 Bg7 4. d4 cxd4 5. Nxd4 Nc6 6. Nxc6 bxc6 7. e4 d6
8. Be3 Qa5 9. Qd2 Nf6 10. Be2 Rb8 11. O-O Ng4 12. Bxg4 Bxg4 13. Bd4 Bxd4 14.
Qxd4 O-O 15. b3 Be6 16. Rac1 Rfd8 17. f4 Qb6 18. Qxb6 axb6 19. f5 Bd7 20. g4
Ra8 21. Rc2 Ra5 22. Na4 Rb8 23. Nc3 Re5 24. Rd2 b5 25. cxb5 cxb5 26. Rd5 Bc6
27. Rxe5 dxe5 28. Rd1 Ra8 29. Nd5 Ra7 30. Rd2 Kg7 31. Kf2 Bxd5 32. Rxd5
Rxa2+ 33. Kg3 Re2 34. Rxb5 Rxe4 35. fxg6 hxg6 36. Rb7 Kf6 37. Rb6+ e6 38. b4
g5 39. Rb7 Re3+ 40. Kg2 Rb3 41. b5 Rb4 42. Kg3 Rb3+ 43. Kg2 e4 44. b6 Rb2+
45. Kg3 Rb3+ 46. Kg2 Ke5 47. Rb8 f5 48. gxf5 exf5 49. b7 Kf4 50. h4 Rb2+ 51.
Kf1 gxh4 52. Rh8 Rxb7 53. Rxh4+ Kg3 54. Rh5 f4 55. Ke2 Rb2+ 56. Kf1 Rh2 57.
Rxh2 Kxh2 58. Kf2 Kh3 59. Ke2 Kg2 60. Ke1 f3 {White resigns} 0-1

[Event "ICC tourney 2668 (40 10)"]
[Site "Internet Chess Club"]
[Date "2021.09.11"]
[Round "1"]
[White "PUPPALLA, PRANAY:checkmate1823"]
[Black "HAMLETT, JAMES MORRISON:Hamlett144"]
[Result "0-1"]
[ICCResult "White checkmated"]
[WhiteElo "1597"]
[BlackElo "1294"]
[Opening "Queen's pawn"]
[ECO "A40"]
[NIC "QO.17"]
[Time "11:02:26"]
[TimeControl "2400+10"]

1. d4 e6 2. Bf4 b6 3. e3 Nf6 4. Nf3 Bb7 5. Bd3 Bd6 6. Bg3 Nc6 7. c3 Ne7 8.
Nbd2 h5 9. Nc4 Bxg3 10. hxg3 Ng6 11. Bxg6 fxg6 12. Nce5 Rh6 13. Ng5 Ne4 14.
Ngf7 Qf6 15. f3 Nxg3 16. Rh3 h4 17. Nxh6 gxh6 18. Qa4 O-O-O 19. Qxa7 d6 20.
Ng4 Qg5 21. Kd2 e5 22. a4 e4 23. Nh2 Nf5 24. Ng4 h5 25. Re1 hxg4 26. fxg4
Qxg4 27. Re2 Rf8 28. Rf2 Rh8 29. a5 bxa5 30. Qxa5 Rh5 31. Qa4 c6 32. Qb3 d5
33. Qa3 Kd7 34. Qf8 Ne7 35. Rf7 Qxg2+ 36. Kc1 Qg5 37. Rh1 Ba6 38. Qa8 Qxe3+
39. Kb1 Bd3+ 40. Ka1 Qg5 41. Rf8 Ke6 42. Qe8 e3 43. Qf7+ Kd6 44. b4 e2 45.
Rd8+ Kc7 46. Re8 Kd7 47. Qf8 Rh7 48. Ra8 Qf5 49. Qd8+ Ke6 50. Ra7 Rf7 51.
Qd7+ Kf6 52. Qd6+ Kg7 53. Rxe7 Qf1+ 54. Rxf1 exf1=Q+ 55. Ka2 Bc4+ 56. Kb2
Rxe7 57. Qxe7+ Kh6 58. Qxh4+ Kg7 59. Qe7+ Qf7 60. Qe5+ Qf6 61. Qc7+ Kh6 62.
Qh2+ Kg5 63. Qg3+ Kh5 64. Qh2+ Kg5 65. Qg3+ Kh6 66. Qh2+ Kg7 67. Qc7+ Kf8
68. Qb8+ Ke7 69. Qc7+ Kf8 70. Qb8+ Kg7 71. Qc7+ Kh6 72. Qh2+ Kg5 73. Qg3+
Kf5 74. Qf3+ Ke6 75. Qh3+ Qf5 76. Qe3+ Qe4 77. Qh3+ Kf6 78. Qh8+ Kf5 79.
Qc8+ Kf4 80. Qf8+ Ke3 81. Qh6+ Kd3 82. Qh3+ Qe3 83. Qf1+ Qe2+ 84. Qxe2+ Kxe2
85. Ka3 g5 86. Ka4 g4 87. Ka5 g3 88. Kb6 Bb5 89. Kc5 g2 90. c4 dxc4 91. d5
g1=Q+ 92. Kd6 cxd5 93. Kxd5 c3 94. Kd6 Qg5 95. Kc7 Qf6 96. Kb7 Qc6+ 97. Kb8
Qd7 98. Ka8 Bc6+ 99. Kb8 Qb7# {White checkmated} 0-1

[Event "ICC tourney 2668 (40 10)"]
[Site "Internet Chess Club"]
[Date "2021.09.11"]
[Round "1"]
[White "WILLY, STEPHEN:stephenwilly"]
[Black "VIDENA, DANIEL TUAPEN:Davide25"]
[Result "1-0"]
[ICCResult "Black checkmated"]
[WhiteElo "1639"]
[BlackElo "1453"]
[Opening "Caro-Kann: anti-anti-Caro-Kann defense"]
[ECO "B10"]
[NIC "CK.01"]
[Time "11:02:01"]
[TimeControl "2400+10"]

1. e4 c6 2. c4 d5 3. cxd5 cxd5 4. exd5 Nf6 5. Nc3 Nxd5 6. Nf3 Nc6 7. d4 Bg4
8. Qb3 Nxc3 9. bxc3 Qc7 10. Bb5 Bxf3 11. gxf3 a6 12. Bd3 Rc8 13. Bd2 e6 14.
Rg1 g6 15. h4 Na5 16. Qb2 Qh2 17. Rg5 Qc7 18. c4 b6 19. Rc1 Bh6 20. c5 Bxg5
21. hxg5 b5 22. d5 Rg8 23. d6 Qd8 24. a4 Nc4 25. Bxc4 bxc4 26. Rxc4 Qd7 27.
Qb6 Qc6 28. Qa7 Qd7 29. Qxa6 Qc6 30. Qa7 Qd7 31. Qb6 Qc6 32. Rb4 Kd7 33.
Qa7+ Rc7 34. dxc7 Ra8 35. Qb8 e5 36. c8=Q+ Qxc8 37. Rb7+ Kc6 38. Qd6+ Kxb7
39. Qb6# {Black checkmated} 1-0

[Event "ICC tourney 2668 (40 10)"]
[Site "Internet Chess Club"]
[Date "2021.09.11"]
[Round "1"]
[White "Johnson, Yuliya:Yulisriffs"]
[Black "JIANG, JASON:JasonJiang10"]
[Result "0-1"]
[ICCResult "White resigns"]
[WhiteElo "1546"]
[BlackElo "1724"]
[Opening "Sicilian: dragon variation"]
[ECO "B70"]
[NIC "SI.15"]
[Time "11:02:57"]
[TimeControl "2400+10"]

1. e4 c5 2. Nf3 d6 3. d4 cxd4 4. Nxd4 Nf6 5. Nc3 g6 6. Bc4 Bg7 7. O-O O-O 8.
Be3 Ng4 9. Bg5 Nc6 10. Nf3 Be6 11. Nd5 Bxd5 12. Bxd5 Qd7 13. h3 Nge5 14.
Nxe5 Bxe5 15. Bh6 Bxb2 16. Rb1 Bg7 17. Bxg7 Kxg7 18. f4 e6 19. Bb3 f5 20. e5
Rfd8 21. exd6 Qxd6 22. Qxd6 Rxd6 23. Rbd1 Rad8 24. Rxd6 Rxd6 25. Re1 Kf6 26.
c3 Ne7 27. c4 b6 28. Rd1 Rxd1+ 29. Bxd1 e5 30. fxe5+ Kxe5 31. Kf2 Kd4 32.
Be2 Nc6 33. g4 f4 34. a3 g5 35. h4 h6 36. h5 Ne5 37. Bd1 Kxc4 38. a4 a5 39.
Be2+ Kd4 40. Kg2 Ke3 41. Bd1 Nd3 42. Kf1 f3 43. Bc2 Nb2 44. Ke1 f2+ 45. Kf1
Nc4 46. Bd3 Nd2+ 47. Kg2 Kxd3 48. Kxf2 Ne4+ 49. Kf3 Nc5 50. Kg3 Nxa4
{White resigns}
0-1

[Event "ICC tourney 2668 (40 10)"]
[Site "Internet Chess Club"]
[Date "2021.09.11"]
[Round "1"]
[White "JAMMALAMADAKA, VIHAAN:smashattack"]
[Black "BRUDNO, STEPHEN:StevChess01"]
[Result "1-0"]
[ICCResult "Black resigns"]
[WhiteElo "1500"]
[BlackElo "1672"]
[Opening "King's Indian: Sämisch, 5...O-O"]
[ECO "E81"]
[NIC "KI.54"]
[Time "11:02:12"]
[TimeControl "2400+10"]

1. d4 Nf6 2. c4 g6 3. Nc3 Bg7 4. e4 d6 5. f3 O-O 6. Be3 c5 7. Nge2 Nc6 8. d5
Ne5 9. Ng3 a6 10. Be2 b5 11. O-O Nxc4 12. Bxc4 bxc4 13. Qe2 a5 14. Rfe1 Ba6
15. Rad1 Nd7 16. f4 Qc7 17. Qg4 Rab8 18. Re2 Rb4 19. Bc1 Bc8 20. Qf3 Rb8 21.
Rde1 Nb6 22. e5 a4 23. exd6 exd6 24. Re7 Qd8 25. R7e2 Bd7 26. Nge4 Qc7 27.
h3 Rbe8 28. Be3 Ra8 29. a3 Rab8 30. Bf2 Rb7 31. Bg3 Nc8 32. Bh2 Qb8 33. Rb1
Rb3 34. Kh1 Bf5 35. Rbe1 Kh8 36. Ng3 Bd7 37. f5 Be5 38. fxg6 hxg6 39. Rxe5
dxe5 40. Qf6+ Kg8 41. Nh5 gxh5 42. Bxe5 Qxe5 43. Rxe5 Re8 44. Rxh5
{Black resigns}
1-0

[Event "ICC tourney 2668 (40 10)"]
[Site "Internet Chess Club"]
[Date "2021.09.11"]
[Round "1"]
[White "Lin, James:MeLikeGame"]
[Black "MUNAGANURI, VAMSI:TacticalVM"]
[Result "1-0"]
[ICCResult "Black checkmated"]
[WhiteElo "1203"]
[BlackElo "1597"]
[Opening "Sicilian: Grand Prix attack"]
[ECO "B23"]
[NIC "SI.44"]
[Time "11:02:05"]
[TimeControl "2400+10"]

1. e4 c5 2. Nc3 Nc6 3. f4 d6 4. Nf3 Bg4 5. h3 Bxf3 6. Qxf3 e6 7. Bb5 a6 8.
Bxc6+ bxc6 9. O-O Be7 10. f5 e5 11. d3 Bf6 12. Bd2 Ne7 13. g4 h6 14. h4 Bxh4
15. Qh3 Nc8 16. Kh2 Bg5 17. Bxg5 Qxg5 18. f6 gxf6 19. Rf5 Qg6 20. Raf1 Rh7
21. Rxf6 Qg8 22. Qh5 Qg5 23. Qxg5 hxg5+ 24. Kg3 Ra7 25. Ne2 Re7 26. Ng1 Rg7
27. Nh3 Re6 28. R6f5 Reg6 29. Rf6 Rxf6 30. Rxf6 Ke7 31. Rh6 Nb6 32. b3 f6
33. Rh8 d5 34. Rb8 Nd7 35. Ra8 Kd6 36. Rxa6 dxe4 37. dxe4 Nb8 38. Ra4 Rb7
39. Nf2 Rb4 40. Ra8 Nd7 41. c3 Rb5 42. c4 Rb8 43. Rxb8 Nxb8 44. a4 Na6 45.
Nd3 Kc7 46. a5 Kd6 47. Kf3 Nc7 48. Ke3 Ne6 49. Kd2 Kc7 50. Kc3 Kb7 51. b4
cxb4+ 52. Kxb4 Nf4 53. Nc5+ Kc7 54. a6 Kb6 55. Nd7+ Kxa6 56. Kc5 Kb7 57.
Nxf6 Kc7 58. Nh7 Ne6+ 59. Kb4 Kd6 60. Nf6 Nc5 61. Ka5 Ne6 62. Kb6 Nd4 63.
c5+ Ke7 64. Nh5 Kf7 65. Kc7 Ke6 66. Ng3 Ke7 67. Nf1 Ke6 68. Ne3 Ke7 69. Nc4
Ke6 70. Na5 Ke7 71. Nxc6+ Nxc6 72. Kxc6 Kd8 73. Kb7 Kd7 74. c6+ Kd6 75. c7
Ke7 76. c8=Q Kf6 77. Qd8+ Kf7 78. Kc7 Kg6 79. Qd6+ Kh7 80. Qf6 Kg8 81. Qe7
Kh8 82. Kd6 Kg8 83. Ke6 Kh8 84. Kf6 Kg8 85. Qg7# {Black checkmated} 1-0

[Event "ICC tourney 2668 (40 10)"]
[Site "Internet Chess Club"]
[Date "2021.09.11"]
[Round "1"]
[White "LIU, ZACHARY HANKUN:K03-17349625"]
[Black "KAUR, JIND:ranu540"]
[Result "1-0"]
[ICCResult "Black checkmated"]
[WhiteElo "1592"]
[BlackElo "1176"]
[Opening "Sicilian: accelerated fianchetto, modern variation with Bc4"]
[ECO "B35"]
[NIC "SI.33"]
[Time "11:02:01"]
[TimeControl "2400+10"]

1. e4 c5 2. Nf3 Nc6 3. d4 cxd4 4. Nxd4 g6 5. Nc3 Bg7 6. Be3 Nf6 7. Bc4 O-O
8. Bb3 e6 9. f3 d5 10. exd5 Nxd5 11. Nxd5 exd5 12. O-O Re8 13. Bf2 Nxd4 14.
Bxd4 Be6 15. Bxg7 Kxg7 16. Qd4+ Qf6 17. Rad1 Red8 18. Qxf6+ Kxf6 19. Rd4
Rac8 20. c3 g5 21. f4 gxf4 22. Rfxf4+ Kg6 23. Rf1 a5 24. Rfd1 Rc5 25. c4 b5
26. cxd5 Bf5 27. a4 b4 28. g4 Bc2 29. Bxc2+ Rxc2 30. R4d2 Rxd2 31. Rxd2 Kf6
32. Kg2 Ke5 33. Rf2 f6 34. Rf5+ Ke4 35. Rxf6 Rxd5 36. Rf2 Kd3 37. h4 Kc4 38.
g5 Kb3 39. Kg3 Kxa4 40. Rf7 Kb3 41. Rxh7 a4 42. Rb7 Rd4 43. g6 Rd1 44. g7
Rg1+ 45. Kh2 Rg4 46. h5 a3 47. bxa3 Kxa3 48. h6 b3 49. h7 b2 50. Rxb2 Kxb2
51. h8=Q Rc4 52. g8=Q+ Kb3 53. Qh3+ Kb4 54. Qb8+ Kc5 55. Qf5+ Kd4 56. Qb6+
Kc3 57. Qf3+ Kd2 58. Qbe3+ Kc2 59. Qfe2+ Kb1 60. Qg1+ Rc1 61. Qxc1+ Kxc1 62.
Kg3 Kb1 63. Kf3 Ka1 64. Ke3 Kb1 65. Kd3 Ka1 66. Kc3 Kb1 67. Qb2#
{Black checkmated}
1-0

[Event "ICC tourney 2668 (40 10)"]
[Site "Internet Chess Club"]
[Date "2021.09.11"]
[Round "2"]
[White "KOEHL, EVAN:MacAndSneeze"]
[Black "WANG, JESSICA:crazyhorse9"]
[Result "1-0"]
[ICCResult "Black resigns"]
[WhiteElo "1658"]
[BlackElo "1538"]
[Opening "Scotch: Mieses variation"]
[ECO "C45"]
[NIC "SO.04"]
[Time "13:15:39"]
[TimeControl "2400+10"]

1. e4 e5 2. Nf3 Nc6 3. d4 exd4 4. Nxd4 Nf6 5. Nxc6 bxc6 6. e5 Nd5 7. c4 Nb6
8. Be3 Ba6 9. Nd2 d5 10. exd6 Bxd6 11. c5 {Black resigns} 1-0

[Event "ICC tourney 2668 (40 10)"]
[Site "Internet Chess Club"]
[Date "2021.09.11"]
[Round "2"]
[White "BARANI, HRUSHIKESAN:Hrushichess"]
[Black "ZILBERMINTZ, LEV:chessrex"]
[Result "1/2-1/2"]
[ICCResult "Game drawn by mutual agreement"]
[WhiteElo "1388"]
[BlackElo "1723"]
[Opening "Philidor: Philidor counter-gambit"]
[ECO "C41"]
[NIC "KP.08"]
[Time "13:15:28"]
[TimeControl "2400+10"]

1. e4 e5 2. Nf3 d6 3. d4 f5 4. Bg5 Be7 5. Bxe7 Qxe7 6. dxe5 fxe4 7. exd6
cxd6 8. Nd4 a6 9. Bc4 Nf6 10. O-O d5 11. Bb3 O-O 12. Nc3 Qe5 13. f4 Qd6 14.
Nde2 Kh8 15. Nxd5 Rd8 16. Nxf6 Qxf6 17. Qe1 Qxb2 18. Rd1 Qf6 19. Rxd8+ Qxd8
20. Qd1 Qb6+ 21. Qd4 Qxd4+ 22. Nxd4 Nc6 23. Re1 Nxd4 24. Rxe4 Nf3+ 25. gxf3
Bd7 26. Re7 Bc6 27. Kg2 Rf8 28. Kg3 h6 29. h4 Rf6 30. Re6 Rf8 31. h5 Rf5 32.
Kg4 Rf8 33. Rd6 Kh7 34. c3 Re8 35. Bf7 Rf8 36. Bb3 Re8 37. Bf7 Rf8 38. Bg6+
Kg8 39. Bc2 Kf7 40. Bb3+ Ke7 41. Rg6 Rd8 42. Rxg7+ Kd6 43. Rg6+ Kc5 44. Rxh6
Rd3 45. Rxc6+ Kxc6 46. h6 Rd2 47. Kg3 Rd6 48. h7 Rh6 49. Bg8 Kd6 50. Kg4 Ke7
51. Kg5 Rh2 {Game drawn by mutual agreement} 1/2-1/2

[Event "ICC tourney 2668 (40 10)"]
[Site "Internet Chess Club"]
[Date "2021.09.11"]
[Round "2"]
[White "HAMLETT, JAMES MORRISON:Hamlett144"]
[Black "WILLY, STEPHEN:stephenwilly"]
[Result "0-1"]
[ICCResult "White resigns"]
[WhiteElo "1294"]
[BlackElo "1639"]
[Opening "Scotch: Schmidt variation"]
[ECO "C45"]
[NIC "SO.04"]
[Time "13:15:27"]
[TimeControl "2400+10"]

1. e4 e5 2. Nf3 Nc6 3. d4 exd4 4. Nxd4 Nf6 5. Nc3 Bb4 6. Nxc6 bxc6 7. Bd2
O-O 8. Bd3 d5 9. exd5 Re8+ 10. Be2 cxd5 11. O-O Bb7 12. Bf3 Ne4 13. Bxe4
dxe4 14. a3 Bd6 15. Be3 Qh4 16. h3 f5 17. Nb5 f4 18. Bd4 f3 19. Nxd6 cxd6
20. Bxg7 Kxg7 21. Qxd6 fxg2 22. Qd7+ Re7 23. Qd4+ Kg8 24. Qe3 gxf1=Q+
{White resigns}
0-1